 Dungeon Crawl Stone Soup version 0.28.0-53-g5a82cb258f (webtiles) character file.

Game seed: 8170519354864782675

10555 Ashen the Ogre Mage (level 11, -7/109 HPs)
             Began as an Ogre Ice Elementalist on June 29, 2022.
             Mangled by a two-headed ogre
             ... wielding a +0 giant spiked club
              (27 damage)
             ... on level 11 of the Dungeon.
             The game lasted 00:38:00 (15828 turns).

Ashen the Ogre Mage (Ogre Ice Elementalist)        Turns: 15828, Time: 00:38:01

Health: -7/109     AC: 13    Str: 14    XL:     11   Next: 63%
Magic:  19/24      EV:  9    Int: 20    God:
Gold:   727        SH:  8    Dex:  9    Spells: 17/28 levels left

rFire   . . .      SeeInvis +   C - staff of cold
rCold   + . .      Faith    .   K - +2 kite shield
rNeg    . . .      Spirit   .   i - +0 troll leather armour
rPois   .          Reflect  .   (helmet restricted)
rElec   .          Harm     .   j - +0 cloak
rCorr   .          Rampage  .   (gloves unavailable)
Will    +....                   (boots unavailable)
Stlth   ++........              o - amulet of magic regeneration
HPRegen 1.08/turn               M - ring of wizardry
MPRegen 0.59/turn               D - ring of see invisible

@: ice-armoured, freezing walls
A: large, unfitting armour, tough skin 1
a: no special abilities


You were on level 11 of the Dungeon.
You visited 1 branch of the dungeon, and saw 11 of its levels.
You also visited: Ossuary.

You collected 727 gold pieces.

Inventory:

Hand Weapons
 a - a +5 vorpal giant spiked club
 d - a +2 dagger of draining
 n - a +2 dagger of venom
 t - a +0 whip of flaming
 v - a +2 dagger of electrocution
 E - a +2 mace of protection
Missiles
 s - 4 poisoned darts
 L - a throwing net
Armour
 i - a +0 troll leather armour (worn)
 j - a +0 cloak (worn)
 u - a +2 robe of fire resistance
 F - +0 steam dragon scales
 K - a +2 kite shield (worn)
Magical Staves
 q - a staff of air
 C - a staff of cold (weapon)
Jewellery
 l - a ring of protection from fire
 o - an amulet of magic regeneration (around neck)
 z - a +4 ring of evasion
 D - a ring of see invisible (right hand)
 H - a ring of protection from cold
 M - a ring of wizardry (left hand)
Wands
 h - a wand of polymorph (19)
 G - a wand of iceblast (5)
Scrolls
 k - a scroll of noise
 r - 2 scrolls of enchant armour {unknown}
 w - a scroll of vulnerability {unknown}
 x - a scroll of torment {unknown}
 y - a scroll of brand weapon
 A - 2 scrolls of magic mapping
 B - a scroll of acquirement {unknown}
 I - a scroll of identify
 N - a scroll of blinking {unknown}
Potions
 b - 4 potions of haste
 c - 4 potions of flight
 e - 4 potions of heal wounds
 f - 3 potions of magic
 g - 2 potions of ambrosia
 m - 2 potions of curing
 p - 3 potions of mutation
 J - 2 potions of lignification


   Skills:
 + Level 7.3 Fighting
 + Level 6.3 Maces & Flails
 + Level 6.3 Dodging
 - Level 5.0 Stealth
 + Level 1.6 Shields
 * Level 9.0 Spellcasting
 + Level 6.3 Conjurations
 + Level 6.3 Ice Magic
 + Level 3.6 Air Magic


You had 17 spell levels left.
You knew the following spells:

 Your Spells              Type           Power      Damage    Failure   Level
a - Freeze                Ice            100%       1d11      1%          1
b - Frozen Ramparts       Ice            100%       1d12      2%          3
c - Ozocubu's Armour      Ice            51%        N/A       2%          3
d - Hailstorm             Conj/Ice       51%        3d11      8%          4

Your spell library contained the following spells:

 Spells                   Type           Power      Damage    Failure   Level
 Conjure Flame            Conj/Fire      21%        6-21      9%          3
 Sandblast                Erth           18%        2d7       10%         1
 Slow                     Hex            36%        N/A       10%         1
 Summon Small Mammal      Summ           36%        N/A       10%         1
 Sticky Flame             Conj/Fire      21%        2d4       26%         4
 Call Canine Familiar     Summ           9%         N/A       28%         3
 Confusing Touch          Hex            9%         N/A       28%         3
 Ignite Poison            Fire/Tmut/Pois 9%         N/A       28%         3
 Summon Guardian Golem    Hex/Summ       9%         N/A       28%         3
 Vampiric Draining        Necr           9%         2d6       28%         3
 Animate Armour           Summ/Erth      18%        N/A       65%         4
 Leda's Liquefaction      Hex/Erth       4%         N/A       65%         4
 Ozocubu's Refrigeration  Ice            25%        4d10      99%         7


Dungeon Overview and Level Annotations

Branches:
Dungeon (11/15)            Temple (0/1) D:6            Lair (0/6) D:9
    Orc (0/2) D:11        Ossuary (visited)

Altars:
Cheibriados
Gozag
Hepliaklqana
Nemelex Xobeh
Okawaru
Qazlal
Trog
Wu Jian
Xom
Yredelemnul
Zin
The Shining One

Shops:
D:2 [   D:6 (

Annotations:
D:10 1 runed translucent door, Zarnosh's ghost, novice DgCj


Innate Abilities, Weirdness & Mutations

You are too large for most types of armour.
You have tough skin. (AC +1)


Message History

The wall freezes the two-headed ogre!
You hit the two-headed ogre but do no damage.
The two-headed ogre is moderately wounded.
The wall freezes the two-headed ogre!
The two-headed ogre hits you with a +0 giant spiked club!
The two-headed ogre hits you with a +0 giant club!
You hit the two-headed ogre. You freeze the two-headed ogre.
The two-headed ogre is heavily wounded.
The wall freezes the two-headed ogre.
The two-headed ogre hits you with a +0 giant spiked club!
The two-headed ogre completely misses you.
You hit the two-headed ogre but do no damage.
The two-headed ogre is severely wounded.
The wall freezes the two-headed ogre.
You block the two-headed ogre's attack.
The two-headed ogre hits you with a +0 giant club!
You hit the two-headed ogre but do no damage.
The two-headed ogre is severely wounded.
The frozen ramparts melt away.
The two-headed ogre hits you with a +0 giant spiked club!
The two-headed ogre barely misses you.
You barely miss the two-headed ogre.
The two-headed ogre is severely wounded.
Your icy armour will break if you move.
Continue?
Okay, then.
Casting: Ozocubu's Armour (mildly dangerous; 2% risk of failure)
Confirm with . or Enter, or press ? or * to list all spells.
You feel a surge of power!
Your icy armour thickens.
The two-headed ogre hits you with a +0 giant spiked club!
The two-headed ogre hits you with a +0 giant club.
Casting: Ozocubu's Armour (mildly dangerous; 2% risk of failure)
Confirm with . or Enter, or press ? or * to list all spells.
Casting: Frozen Ramparts (mildly dangerous; 2% risk of failure)
Press: ? - help, Dir - look around, f - activate You feel a surge of power!
The walls around you are covered in ice.
The wall freezes the two-headed ogre!
The two-headed ogre hits you with a +0 giant spiked club!!
* * * LOW HITPOINT WARNING * * *
The two-headed ogre hits you with a +0 giant club!!
You die...

##########################
.....................).....
.....................).....
.....................#)....
....................###....
.........)...........#.....
......#..O@................
#....)####...............
.....8.....#...............
...........####............
............###......^.....
8....>....8..##............
..........................#
...........#..............#
.....8.....#...(...###....#


You could see a two-headed ogre.

Vanquished Creatures
  Erica (D:10)
  Nergalle (D:10)
  A deep elf pyromancer (D:7)
  Pikel (D:4)
  A centaur zombie (D:10)
  A hornet (D:7)
  3 trolls
  A wraith (D:10)
  A wyvern (D:8)
  2 shadows
  2 humans (D:8)
  10 yaks (D:10)
  Grum (D:9)
  A vampire mosquito (D:7)
  2 steam dragons
  3 water moccasins
  2 acid dragons
  4 orc warriors
  An ice beast (D:7)
  2 black bears
  2 ogres
  2 centaurs
  2 wolves (D:9)
  A phantom (D:5)
  2 lemures (D:4)
  2 bullfrogs (D:9)
  A gnoll sergeant (D:9)
  2 elf zombies (Ossuary)
  5 scorpions
  A wyvern skeleton (D:7)
  10 killer bees (D:9)
  4 howler monkeys
  A crimson imp (D:4)
  A bullfrog zombie (D:5)
  4 hounds
  3 orc priests
  2 human zombies (Ossuary)
  A jelly (D:6)
  A bullfrog skeleton (D:5)
  A centaur skeleton (D:7)
  6 iguanas
  A scorpion zombie (D:3)
  11 orc wizards
  A hound skeleton (D:4)
  3 hound zombies
  5 mummies
  15 gnolls
  7 adders
  2 river rats (D:3)
  2 shadow imps
  An adder zombie (D:3)
  An adder skeleton (D:3)
  A dart slug (D:4)
  10 worms
  39 orcs
  6 bats
  7 endoplasms
  2 giant cockroaches (D:2)
  10 goblins
  11 hobgoblins
  8 kobolds
  4 quokkas
  5 ball pythons
  2 ball python skeletons (D:3)
  5 frilled lizards
  A gnoll zombie (Ossuary)
  2 hobgoblin zombies
  A jackal zombie (Ossuary)
  2 kobold zombies
  An orc zombie (Ossuary)
  A quokka skeleton (D:3)
  7 rats
  2 rat zombies (Ossuary)
271 creatures vanquished.

Vanquished Creatures (collateral kills)
  A bullfrog (D:6)
1 creature vanquished.

Vanquished Creatures (others)
  12 fungi (D:9)
  20 plants
32 creatures vanquished.

Grand Total: 304 creatures vanquished

Notes
Turn   | Place    | Note
-------+----------+-------------------------------------------
     0 | D:1      | Ashen the Ogre Ice Elementalist began the quest for the
                  | Orb.
     0 | D:1      | Reached XP level 1. HP: 16/16 MP: 3/3
   279 | D:1      | Reached XP level 2. HP: 22/26 MP: 0/5
   393 | D:1      | Reached skill level 1 in Fighting
   661 | D:1      | Reached XP level 3. HP: 33/33 MP: 7/7
  1115 | D:2      | Found Quycaub's Antique Armour Emporium.
  1664 | D:2      | Learned a level 3 spell: Frozen Ramparts
  1668 | D:2      | Learned a level 3 spell: Ozocubu's Armour
  1734 | D:3      | Found a glowing golden altar of the Shining One.
  1783 | D:3      | Reached skill level 3 in Spellcasting
  1783 | D:3      | Reached XP level 4. HP: 22/42 MP: 8/8
  1805 | D:3      | Found a hazy altar of Hepliaklqana.
  2150 | D:3      | Noticed a necrophage
  2405 | D:3      | Found a glowing silver altar of Zin.
  2959 | D:3      | Reached skill level 1 in Maces & Flails
  3038 | D:3      | Reached XP level 5. HP: 29/50 MP: 0/9
  3962 | D:4      | Reached XP level 6. HP: 50/61 MP: 11/11
  4029 | D:4      | Noticed Grinder
  4041 | D:4      | Learned a level 4 spell: Hailstorm
  4144 | D:4      | Found a bloodstained altar of Trog.
  4415 | D:4      | Noticed Pikel
  4443 | D:4      | Killed Pikel
  4444 | D:4      | Reached skill level 4 in Spellcasting
  4444 | D:4      | Reached skill level 1 in Conjurations
  4444 | D:4      | Reached XP level 7. HP: 62/70 MP: 3/13
  4712 | D:4      | Paralysed by Grinder for 7 turns
  4735 | D:4      | Noticed Grinder
  4735 | D:4      | Grinder changed into Grinder the crimson imp
  5069 | D:4      | Killed Grinder the crimson imp
  5377 | D:4      | Found an ornate altar of the Wu Jian Council.
  5630 | D:5      | Entered Level 5 of the Dungeon
  5717 | D:5      | Reached XP level 8. HP: 66/79 MP: 14/14
  5717 | D:5      | Found a stormy altar of Qazlal.
  6598 | D:5      | Reached skill level 5 in Ice Magic
  6679 | D:5      | Reached skill level 5 in Fighting
  6679 | D:5      | Reached skill level 5 in Spellcasting
  7429 | D:6      | Noticed a shadow
  7538 | D:6      | Found a sparkling altar of Nemelex Xobeh.
  7700 | D:6      | Found a sand-covered staircase.
  7706 | Ossuary  | Entered an ossuary
  7751 | Ossuary  | Reached XP level 9. HP: 62/88 MP: 2/17
  8610 | D:6      | Found Jaodaleq's Weapon Shoppe.
  8736 | D:6      | Reached skill level 6 in Spellcasting
  9027 | D:6      | Reached skill level 5 in Dodging
  9091 | D:6      | Found a staircase to the Ecumenical Temple.
  9387 | D:7      | Reached skill level 5 in Stealth
  9580 | D:7      | Noticed a hornet
  9592 | D:7      | Killed a hornet
  9593 | D:7      | Reached skill level 5 in Maces & Flails
  9593 | D:7      | Reached skill level 5 in Conjurations
 10074 | D:7      | Reached XP level 10. HP: 81/96 MP: 16/19
 10399 | D:7      | Noticed a deep elf pyromancer
 10432 | D:7      | Reached skill level 1 in Air Magic
 10436 | D:7      | Killed a deep elf pyromancer
 10627 | D:7      | Got the Compendium of Absence
 11085 | D:7      | Reached skill level 7 in Spellcasting
 12445 | D:8      | Found an iron altar of Okawaru.
 12850 | D:8      | Found a basalt altar of Yredelemnul.
 13451 | D:9      | Found a staircase to the Lair.
 13683 | D:9      | Reached skill level 8 in Spellcasting
 13686 | D:9      | Reached XP level 11. HP: 107/107 MP: 15/23
 13848 | D:9      | Noticed Grum
 13916 | D:9      | Killed Grum
 14139 | D:9      | Found a shimmering altar of Xom.
 14680 | D:10     | Entered Level 10 of the Dungeon
 14680 | D:10     | Found a snail-covered altar of Cheibriados.
 14836 | D:10     | Found a runed translucent door.
 14841 | D:10     | Noticed Zarnosh's ghost (novice DgCj)
 14880 | D:10     | Noticed Erica
 14965 | D:10     | Noticed Nergalle
 14982 | D:10     | Killed Nergalle
 15002 | D:10     | Found an opulent altar of Gozag.
 15188 | D:10     | Killed Erica
 15189 | D:10     | Reached skill level 1 in Shields
 15579 | D:10     | Reached skill level 9 in Spellcasting
 15731 | D:11     | Noticed a manticore
 15808 | D:11     | Found a staircase to the Orcish Mines.
 15810 | D:11     | Noticed a two-headed ogre
 15828 | D:11     | Mangled by a two-headed ogre

Illustrated notes

Levels and vault maps discovered:
D:1:      sevenhm_arrival_forest_fort_large_3, layout_basic, minmay_domino_2
D:2:      layout_loops_corners, serial_shops, nicolae_shop_hallway_plus
D:3:      layout_rooms, lemuel_crystal_altar, zin_statuary,
          nzn_hepliaklqana_mist_gate, serial_undead, serial_undead_d,
          serial_undead_e, serial_undead_b, serial_undead_d,
          lightli_sewer_entry_pipes, serial_bayou_pond_a
D:4:      cheibrodos_greedy_goblins, layout_basic, nzn_wu_jian_contemplation,
          mainiacjoe_overflow_small_starburst, minivault_23, uniq_grinder,
          uniq_pikel
D:5:      layout_layer_cave, lemuel_crystal_altar,
          chequers_serial_rivers_micro_d, hangedman_minor_gate_pass
D:6:      layout_loops_cross, amcnicky_altar_gilded,
          minmay_temple_entry_butterflies, serial_shops,
          nicolae_inconvenience_store, nicolae_ossuary_entry_giza
D:7:      minmay_the_grid_triangle_9x9_recursive_2
          [minmay_the_grid_triangle_9x9_prize_center,
          minmay_the_grid_triangle_9x9_zippers_horizontal,
          minmay_the_grid_triangle_9x9_shrine,
          minmay_the_grid_triangle_9x9_swiss_cheese], layout_layer_cave
D:8:      layout_loops_ring, okawaru_humans, mainiacjoe_overflow_alcove_4,
          hangedman_decor_points
D:9:      layout_grid_maze, mainiacjoe_overflow_alcove_2,
          grunt_lair_entry_orc_guard_hut, kennysheep_boxes, uniq_grum
D:10:     layout_basic, grunt_gozag_breadcrumbs, lemuel_doored_altar,
          hellmonk_ghost_big_iron, chequers_serial_rivers_marsh,
          chequers_serial_rivers_micro_c, uniq_erica, uniq_nergalle
D:11:     layout_big_octagon, david_orc_2, serial_shops, nicolae_shop_stone,
          serial_park, serial_park_square3 [serial_park_minivault_5x5_2],
          serial_park_tiny_2, serial_park_tiny_1, serial_park_tiny_1

Skill      XL: |  1  2  3  4  5  6  7  8  9 10 11 |
---------------+----------------------------------+-----
Dodging        | 2 3 4 5 6 |  6.3
Fighting       | 1 2 3 4 5 6 7 |  7.3
Spellcasting   | 3 4 5 6 8 9 |  9.0
Stealth        | 2 3 4 5 |  5.0
Ice Magic      | 4 5 6 |  6.3
Maces & Flails | 1 2 3 5 6 |  6.3
Conjurations   | 1 3 5 6 |  6.3
Air Magic      | 2 3 |  3.6
Shields        | 1 |  1.6

Action                   |  1- 3 |  4- 6 |  7- 9 | 10-12 || total
-------------------------+-------+-------+-------+-------++-------
Melee: Unarmed           |     7 |       |       |       ||     7
       Dagger            |    59 |    96 |    54 |   325 ||   534
       Punch             |     1 |     2 |     7 |     4 ||    14
       Morningstar       |       |    37 |   181 |       ||   218
       Whip              |       |       |    36 |    17 ||    53
       Giant spiked club |       |       |    14 |     3 ||    17
       Staff             |       |       |       |    10 ||    10
 Cast: Freeze            |    26 |    58 |    55 |     7 ||   146
       Frozen Ramparts   |       |     5 |    14 |    23 ||    42
       Ozocubu's Armour  |       |     4 |    21 |    32 ||    57
       Hailstorm         |       |       |     7 |     5 ||    12
Evoke: Wand              |       |       |     1 |       ||     1
  Use: Scroll            |     1 |     1 |    13 |     7 ||    22
       Potion            |       |       |     2 |     2 ||     4
 Stab: Sleeping          |     3 |     1 |     7 |     2 ||    13
Armor: Robe              |    31 |    49 |   122 |       ||   202
       Skin              |       |       |    15 |       ||    15
       Steam dragon scal |       |       |    26 |    54 ||    80
       Troll leather arm |       |       |       |   144 ||   144
Dodge: Dodged            |    49 |    79 |   187 |   264 ||   579
Block: Kite shield       |       |       |       |    58 ||    58
